 Dungeon Crawl Stone Soup version 0.28-a0-750-g7c675f85b1 (webtiles) character file.

Game seed: 18311856561530868113

59 KoroneIsBestGirl the Firebug (level 4, -2/39 HPs)
             Began as an Ogre Fire Elementalist on Oct 29, 2021.
             Slain by a gnoll (7 damage)
             ... on level 2 of the Dungeon.
             The game lasted 00:02:02 (2595 turns).

KoroneIsBestGirl the Firebug (OgFE)                 Turns: 2595, Time: 00:02:03

Health: -2/39      AC:  3    Str: 12    XL:     4   Next: 3%
Magic:  1/8        EV: 10    Int: 17    God:
Gold:   74         SH:  0    Dex:  9    Spells: 8/9 levels left

rFire   . . .      SeeInvis .   (no weapon)
rCold   . . .      Faith    .   (no shield)
rNeg    . . .      Spirit   .   a - +0 robe
rPois   .          Reflect  .   (helmet restricted)
rElec   .          Harm     .   (no cloak)
rCorr   .          Rampage  .   (gloves unavailable)
Will    .....                   (boots unavailable)
Stlth   +.........              (no amulet)
HPRegen 0.13/turn               (no ring)
MPRegen 0.11/turn               (no ring)

@: no status effects
A: large, unfitting armour, tough skin 1
a: no special abilities


You were on level 2 of the Dungeon.
You visited 1 branch of the dungeon, and saw 2 of its levels.

You collected 74 gold pieces.

Inventory:

Armour
 a - a +0 robe (worn)
Scrolls
 b - 2 scrolls of holy word {unknown}
 c - 2 scrolls of blinking {unknown}
 d - a scroll of identify {unknown}
 e - a scroll of amnesia {unknown}
 g - a scroll of fog {unknown}
Potions
 f - a potion of flight {unknown}


   Skills:
 + Level 2.3 Dodging
 - Level 1.4 Stealth
 + Level 3.1 Spellcasting
 + Level 1.8 Conjurations
 + Level 3.2 Fire Magic


You had 8 spell levels left.
You knew the following spells:

 Your Spells              Type           Power      Damage    Failure   Level
a - Foxfire               Conj/Fire      44%        2x1d6     6%          1

Your spell library contained the following spells:

 Spells                   Type           Power      Damage    Failure   Level
 Scorch                   Fire           26%        2d6       7%          2
 Conjure Flame            Conj/Fire      11%        6-21      19%         3
 Inner Flame              Hex/Fire       8%         N/A       26%         3
 Flame Wave               Conj/Fire      11%        3d4       52%         4


Dungeon Overview and Level Annotations

Branches:
Dungeon (2/15)

Altars:
The Shining One


Innate Abilities, Weirdness & Mutations

You are too large for most types of armour.
You have tough skin. (AC +1)


Message History

Your magical contamination has completely faded away.
A gnoll is nearby!
You miscast Foxfire.
You are very lightly contaminated with residual magic.
Nothing appears to happen.
You conjure some foxfire!
You conjure some foxfire!
The foxfire hits the gnoll.
The gnoll is heavily wounded.
The foxfire hits the gnoll.
The gnoll is severely wounded.
You are too depleted to draw on your mana recklessly!
You are too depleted to draw on your mana recklessly!
The foxfire hits the gnoll but does no damage.
The gnoll is severely wounded.
The gnoll hits you from afar with a +0 spear.
The foxfire hits the gnoll.
The gnoll is severely wounded.
The gnoll hits you with a +0 spear.
You barely miss the gnoll.
The gnoll is severely wounded.
The gnoll hits you with a +0 spear.
You closely miss the gnoll.
The gnoll is severely wounded.
The gnoll hits you with a +0 spear.
Your magical contamination has completely faded away.
You are too injured to fight recklessly!
You are too injured to fight recklessly!
You are too injured to fight recklessly!
You are too injured to fight recklessly!
You barely miss the gnoll.
The gnoll is severely wounded.
The gnoll hits you with a +0 spear.
You barely miss the gnoll.
The gnoll is severely wounded.
The gnoll hits you with a +0 spear!
* * * LOW HITPOINT WARNING * * *
The gnoll hits you from afar with a +0 spear.
* * * LOW HITPOINT WARNING * * *
The gnoll hits you from afar with a +0 spear!
You die...

#.###[.[........ ......#......##.
................ .##...#......##.
#.###.....###.#. ..............
..............#.####.............
#.##.###......#...........##.....
..##............... ...#.....#...
.♣##.###.♣..♣..... .♣P.♣##.....
♣.♣.###♣♣.PP♣....## .♣♣§P ♣.....
♣...PP♣..♣♣♣P.♣♣@.♣♣§♣≈♣ ♣.PP..
....♣..P.♣.......P...§♣♣. ♣P....
.♣..♣P♣......P.#g..#...P. .♣♣P..
P♣.♣♣♣..♣..P.....(......♣ ♣♣..
.♣♣.♣.PP.♣...#..._...#§.. ♣.♣
.♣..♣.P♣.........$....... .#
.♣♣..♣..P......#...#...♣. ♣.
♣♣P♣.♣...♣...8...♣.♣..... ♣. ♣P
♣P♣.P.♣.P♣♣♣.P♣..P..♣.♣..


♣PP .♣ You could see a gnoll.

Vanquished Creatures
  2 adders (D:2)
  A dart slug (D:2)
  A ball python (D:2)
  5 endoplasms
  A giant cockroach (D:2)
  3 goblins
  2 hobgoblins
  4 jackals (D:1)
  A kobold (D:2)
  4 quokkas (D:2)
  5 bats (D:1)
  5 rats
34 creatures vanquished.

Vanquished Creatures (collateral kills)
  6 foxfires
6 creatures vanquished.

Vanquished Creatures (others)
  196 foxfires
  35 plants
231 creatures vanquished.

Grand Total: 271 creatures vanquished

Notes
Turn   | Place    | Note
-------+----------+-------------------------------------------
     0 | D:1      | KoroneIsBestGirl the Ogre Fire Elementalist began the quest
                  | for the Orb.
     0 | D:1      | Reached XP level 1. HP: 16/16 MP: 3/3
    54 | D:1      | Reached skill level 1 in Conjurations
   331 | D:1      | Reached XP level 2. HP: 24/24 MP: 0/5
   830 | D:1      | Found a faded altar of an unknown god.
  1055 | D:2      | Reached XP level 3. HP: 31/31 MP: 2/7
  2477 | D:2      | Reached XP level 4. HP: 39/39 MP: 4/8
  2529 | D:2      | Found a glowing golden altar of the Shining One.
  2595 | D:2      | Slain by a gnoll

Illustrated notes

Levels and vault maps discovered:
D:1:      ncdulo_wetmaze, layout_rooms, chequers_ecumenical_altar_lobes,
          minmay_box_of_dots
D:2:      wad_woods_stonehenge, layout_basic, cheibrodos_gnoll_hut

Skill      XL: |  1  2  3 |
---------------+----------+-----
Conjurations   | 1 |  1.8
Dodging        | 2 |  2.3
Fire Magic     | 3 |  3.2
Spellcasting   | 3 |  3.1
Stealth        | |  1.4

Action                   |  1- 3 |  4- 6 || total
-------------------------+-------+-------++-------
Melee: Unarmed           |    14 |     4 ||    18
 Cast: Foxfire           |   105 |    11 ||   116
Armor: Robe              |     5 |       ||     5
Dodge: Dodged            |    20 |       ||    20

Table legend: (Time is in decaauts)
 A = Elapsed time spent in this place.
 B = Non-inter-level travel time spent in this place.
 C = Inter-level travel time spent in this place.
 D = Time resting spent in this place.
 E = Time spent auto-exploring this place.
 F = Levels seen in this place.
 G = Mean time per level.
                   A        B        C        D        E       F      G
               +--------+--------+--------+--------+--------+-----+--------+
         Total |   2603 |   2583 |     20 |    501 |   1821 |   2 | 1301.5 |
       Dungeon |   2603 |   2583 |     20 |    501 |   1821 |   2 | 1301.5 |
               +--------+--------+--------+--------+--------+-----+--------+

Top non-repeatable levels by time:
     D:1: 1464 daAuts
     D:2: 1139 daAuts
